 Dungeon Crawl Stone Soup version 0.28-a0-124-g73ec313a74 (webtiles) character file.

Game seed: 14303663833777498723

49 Ezendos the Sneak (level 3, 0/29 HPs)
             Began as a Naga Enchanter on Aug 14, 2021.
             Slain by an adder (3 damage)
             ... on level 2 of the Dungeon.
             The game lasted 00:04:43 (2388 turns).

Ezendos the Sneak (Naga Enchanter)                  Turns: 2388, Time: 00:04:44

Health: 0/29       AC:  2    Str: 11    XL:     3   Next: 75%
Magic:  6/6        EV:  9    Int: 15    God:
Gold:   0          SH:  0    Dex: 11    Spells: 3/6 levels left

rFire   . . .      SeeInvis +   a - +1 dagger
rCold   . . .      Faith    .   (no shield)
rNeg    . . .      Spirit   .   j - +0 leather armour
rPois   +          Reflect  .   (no helmet)
rElec   .          Harm     .   (no cloak)
rCorr   .          Rampage  .   (no gloves)
Will    .....                   (no barding)
Stlth   ++........              (no amulet)
HPRegen 0.09/turn               (no ring)
MPRegen 0.10/turn               (no ring)

@: lethally poisoned (0 -> -1), very slow
A: AC +1, large, see invisible, deformed body, poison resistance, slowness 2,
spit poison 1, naga tail 1, frail 1
a: Spit Poison


You were on level 2 of the Dungeon.
You visited 1 branch of the dungeon, and saw 3 of its levels.

Inventory:

Hand Weapons
 a - a +1 dagger (weapon)
 h - a +0 spear
Armour
 b - a +0 robe
 j - a +0 leather armour (worn)
 k - a +0 scale mail
Jewellery
 i - a +6 ring of strength
Scrolls
 l - a scroll of vulnerability {unknown}
Potions
 c - a potion of curing {unknown}
 d - a potion of degeneration {unknown}
 e - a potion of mutation
 f - a potion of heal wounds {unknown}
 g - 2 potions of haste {unknown}


   Skills:
 + Level 2.9 Fighting
 - Level 1.0 Short Blades
 + Level 0.2 Armour
 + Level 1.7 Dodging
 - Level 4.4 Stealth
 - Level 2.0 Spellcasting
 - Level 3.0 Hexes
 + Level 0.3 Ice Magic


You had 3 spell levels left.
You knew the following spells:

 Your Spells              Type           Power      Damage    Failure   Level
a - Corona                Hex            11%        N/A       9%          1
b - Ensorcelled Hibernat  Hex/Ice        12%        N/A       22%         2

Your spell library contained the following spells:

 Spells                   Type           Power      Damage    Failure   Level
 Confusing Touch          Hex            10%        N/A       26%         3
 Tukima's Dance           Hex            10%        N/A       26%         3
 Dazzling Flash           Conj/Hex       12%        N/A       43%         3


Dungeon Overview and Level Annotations

Branches:
Dungeon (3/15)

Altars:

Shops:
D:2 [


Innate Abilities, Weirdness & Mutations

Your serpentine skin is tough. (AC +1)
You have supernaturally acute eyesight. (SInv)
Armour fits poorly on your strangely shaped body.
Your system is resistant to poisons. (rPois)
You cover ground very slowly.
You can spit poison.
You have a snake-like lower body.
You are frail. (-10% HP)


Message History

You hit the adder.
The adder is moderately wounded.
You have got your breath back.
The adder barely misses you.
You barely miss the adder.
The adder is moderately wounded.
The adder bites you. x2
You barely miss the adder.
The adder is moderately wounded.
The adder bites you.
You hit the adder.
The adder is moderately wounded.
The adder barely misses you.
You barely miss the adder.
The adder is moderately wounded.
The adder bites you.
You closely miss the adder.
The adder is moderately wounded.
The adder barely misses you. The adder bites you but does no damage.
You hit the adder but do no damage.
The adder is moderately wounded.
The adder barely misses you.
You hit the adder.
The adder is severely wounded.
The adder bites you.
You are poisoned.
The adder poisons you!
You miss the adder.
The adder is severely wounded.
You feel sick. The adder bites you.
* * * LOW HITPOINT WARNING * * *
The adder bites you but does no damage.
You hit the adder but do no damage.
The adder is severely wounded.
You feel sick. The adder bites you.
* * * LOW HITPOINT WARNING * * *
It was a potion of mutation.
You feel extremely strange.
You feel frail.
You feel sick. The adder bites you.
You die...

..#...... .##.......
##.###.##.# ..#......
.........####.........#
..........
#.......##....######..
...........#.......##.#..#
###.# .####.......... ..
#.# # #.#.......##......
.. ...##
#∩#.##....##...... ..
##.K# #.#.# ........... ..
##... #8#.. ...........
.#... !.... ...........
##..# ..... .........##
...##### .......
.........## ..B....# .....
.........##


You could see an adder.

Vanquished Creatures
  An adder (D:2)
  A dart slug (D:1)
  4 bats
  5 endoplasms
  3 goblins (D:1)
  5 hobgoblins
  2 jackals (D:1)
  A quokka (D:1)
  2 ball pythons
  7 frilled lizards
  3 kobolds (D:1)
  3 rats
37 creatures vanquished.

Notes
Turn   | Place    | Note
-------+----------+-------------------------------------------
     0 | D:1      | Ezendos the Naga Enchanter began the quest for the Orb.
     0 | D:1      | Reached XP level 1. HP: 15/15 MP: 3/3
   131 | D:1      | Reached skill level 1 in Fighting
   481 | D:1      | Reached XP level 2. HP: 25/25 MP: 5/5
   869 | D:1      | Reached XP level 3. HP: 22/33 MP: 6/6
  1951 | D:1      | Learned a level 2 spell: Ensorcelled Hibernation
  2302 | D:2      | Found a faded altar of an unknown god.
  2304 | D:2      | Found Kouful's Armour Shop.
  2388 | D:2      | Gained mutation: You are frail. (-10% HP) [potion of
                  | mutation]
  2388 | D:2      | Slain by an adder

Illustrated notes

Levels and vault maps discovered:
D:1:      ebering_trefoil_twist, layout_basic
D:2:      layout_rooms, basic_ecumenical_altar, serial_shops, shop_statue
D:3:      layout_loops_corners, grunt_temple_overflow_cloverleaf,
          minmay_randomly_rotated_circles

Skill      XL: |  1  2 |
---------------+-------+-----
Fighting       | 1 2 |  2.9
Short Blades   | |  1.0
Armour         | |  0.2
Dodging        | |  1.7
Stealth        | |  4.4
Spellcasting   | |  2.0
Hexes          | |  3.0
Ice Magic      | |  0.3

Action                   || total
-------------------------++-------
Melee: Dagger            ||   101
 Cast: Corona            ||     2
 Abil: Spit Poison       ||    35
  Use: Potion            ||     1
 Stab: Sleeping          ||     1
Armor: Robe              ||     6
       Leather armour    ||     7
Dodge: Dodged            ||    34

Table legend: (Time is in decaauts)
 A = Elapsed time spent in this place.
 B = Non-inter-level travel time spent in this place.
 C = Inter-level travel time spent in this place.
 D = Time resting spent in this place.
 E = Time spent auto-exploring this place.
 F = Levels seen in this place.
 G = Mean time per level.
                   A        B        C        D        E       F      G
               +--------+--------+--------+--------+--------+-----+--------+
         Total |   2808 |   2592 |    216 |    614 |   1515 |   3 |  936.0 |
       Dungeon |   2808 |   2592 |    216 |    614 |   1515 |   3 |  936.0 |
               +--------+--------+--------+--------+--------+-----+--------+

Top non-repeatable levels by time:
     D:1: 2290 daAuts
     D:2: 516 daAuts
     D:3: 1 daAuts
